 Dungeon Crawl Stone Soup version 0.26.1-11-gd32895ea62 (webtiles) character file.

Game seed: 15333779197548997348

687535 oldnick the Archmage (level 27, -6/204 HPs)
             Began as a Mummy Necromancer on Apr 14, 2021.
             Was the Champion of Vehumet.
             Mangled by a quicksilver dragon skeleton (9 damage)
             ... on level 2 of the Tomb of the Ancients on Apr 24, 2021.
             The game lasted 12:45:14 (108602 turns).

oldnick the Archmage (Mummy Necromancer)          Turns: 108602, Time: 12:45:15

Health: -6/204     AC: 12    Str: 12    XL:     27
Magic:  59/63      EV: 14    Int: 34    God:    Vehumet [******]
Gold:   9062       SH: 12    Dex:  7    Spells: 1/80 levels left

rFire    + + +     SeeInvis +   R - +0 staff of Battle
rCold    + + +     Faith    .   V - +2 buckler
rNeg     + + +     Spirit   .   b - +2 robe {rC+ rF+}
rPois    ∞         Reflect  +   C - +3 crown of Dyrovepreva {rElec Int+2 SInv}
rElec    +         Harm     .   D - +2 cloak {Will+}
rCorr    .         Rampage  .   N - -3 pair of gloves "Yleroot" {rF+ Will+ Dex-4}
Will     +++++                  i - +2 pair of boots
Stlth    ++........             d - amulet of Yesterday {Reflect *Drain rElec rF+++ Dex-2 SH+5}
HPRegen  0.44/turn              X - ring "Jaafothra" {rF- rC+ MP+9 Int+6}
MPRegen  0.38/turn              q - ring of wizardry

@: very slightly contaminated, slowed, studying Slings, very slow
A: no potions, fire vulnerability, cold resistance 1, negative energy resistance
3, torment resistance, unbreathing, in touch with death 2
}: 4/15 runes: barnacled, slimy, silver, gossamer
a: Renounce Religion


You were on level 2 of the Tomb of the Ancients.
You worshipped Vehumet.
Vehumet was exalted by your worship.
You visited 13 branches of the dungeon, and saw 60 of its levels.
You visited 4 bazaars.

You collected 12735 gold pieces.
You spent 3673 gold pieces at shops.

Inventory:

Hand Weapons
 R - the +0 staff of Battle (weapon)
   (You found it on level 13 of the Dungeon)
Armour
 b - a +2 robe of resistance (worn)
 h - a +0 kite shield
 i - a +2 pair of boots (worn)
 C - the +3 crown of Dyrovepreva (worn) {rElec Int+2 SInv}
   (You found it on level 3 of the Elven Halls)

   It affects your intelligence (+2).
   It insulates you from electricity.
   It lets you see invisible.
 D - a +2 cloak of willpower (worn)
 N - the -3 pair of gloves "Yleroot" (worn) {rF+ Will+ Dex-4}
   (You found it on level 4 of the Lair of Beasts)

   It affects your dexterity (-4).
   It protects you from fire.
   It affects your willpower, your defense against some magical effects.
 V - a +2 buckler (worn)
Magical Staves
 c - an uncursed staff of fire
 x - an uncursed staff of poison
 y - an uncursed staff of poison
 z - an uncursed staff of conjuration
 H - an uncursed staff of earth
 K - an uncursed staff of air
Jewellery
 d - the amulet of Yesterday (around neck) {Reflect *Drain rElec rF+++ Dex-2 SH+5}
   (You found it on level 3 of the Elven Halls)

   [amulet of reflection]

   It shields you and reflects attacks.
   It affects your dexterity (-2).
   It renders you almost immune to fire.
   It insulates you from electricity.
   It causes draining when unequipped.
   It affects your SH (+5).
 f - an uncursed ring of magical power
 l - a +6 ring of intelligence
 o - the ring "Emoowar" {rC+ MP+9 Slay+2 Stlth-}
   (You found it on level 5 of the Pits of Slime)

   [ring of protection from cold]

   It affects your accuracy and damage with ranged weapons and melee attacks
   (+2).
   It protects you from cold.
   It affects your magic capacity (+9).
   It makes you less stealthy.
 q - a ring of wizardry (right hand)
 u - the amulet "Zukhuc" {Acrobat rPois Int+6}
   (You found it on level 3 of the Crypt)

   [amulet of the acrobat]

   It helps you evade while moving and waiting.
   It affects your intelligence (+6).
   It protects you from poison.
 E - an uncursed amulet of faith
 I - an uncursed ring of magical power
 O - the ring "Utane" {+Fly EV+4}
   (You took it off a yaktaur captain on level 5 of the Vaults)

   [ring of evasion]

   It affects your evasion (+4).
   It lets you fly.
 Q - an uncursed amulet of magic regeneration
 X - the ring "Jaafothra" (left hand) {rF- rC+ MP+9 Int+6}
   (You took it off a deep elf mage on level 3 of the Elven Halls)

   [ring of intelligence]

   It affects your intelligence (+6).
   It makes you vulnerable to fire.
   It protects you from cold.
   It affects your magic capacity (+9).
Wands
 g - a wand of enslavement (25)
 s - a wand of digging (17)
 w - a wand of acid (48)
 B - a wand of polymorph (33)
 F - a wand of paralysis (35)
 G - a wand of iceblast (44)
 L - a wand of disintegration (14)
 T - a wand of flame (145)
Scrolls
 a - 14 scrolls of enchant armour
 j - 23 scrolls of teleportation
 k - 37 scrolls of remove curse
 m - 17 scrolls of fear
 n - 14 scrolls of enchant weapon
 p - 7 scrolls of magic mapping
 r - 9 scrolls of amnesia
 t - 8 scrolls of fog
 v - 8 scrolls of immolation
 A - a scroll of blinking
 J - 3 scrolls of torment
 M - 13 scrolls of identify
 P - 5 scrolls of summoning
 W - a scroll of vulnerability
 Z - a scroll of brand weapon
Books
 U - a manual of Slings
Miscellaneous
 e - a phantom mirror


   Skills:
 - Level 14.0 Fighting
 - Level 3.0 Staves
 - Level 7.0 Armour
 - Level 7.0 Dodging
 - Level 4.0 Stealth
 - Level 7.0 Shields
 O Level 27 Spellcasting
 + Level 22.0 Conjurations
 - Level 11.0 Hexes
 - Level 10.0 Necromancy
 - Level 3.0 Translocations
 - Level 5.0 Transmutations
 - Level 18.0 Fire Magic
 - Level 5.0 Ice Magic
 - Level 10.0 Air Magic
 - Level 10.0 Earth Magic
 - Level 3.0 Evocations


You had one spell level left.
You knew the following spells:

 Your Spells              Type           Power        Failure   Level
a - Dispel Undead         Necr           100%         1%          4
b - Vampiric Draining     Necr           65%          0%          3
c - Lehudib's Crystal Sp  Conj/Erth      62%          1%          8
d - Swiftness             Air            85%          0%          2
e - Shock                 Conj/Air       100%         0%          1
f - Invisibility          Hex            88%          1%          6
g - Animate Dead          Necr           65%          1%          4
h - Agony                 Necr           100%         1%          5
i - Airstrike             Air            42%          1%          4
j - Lightning Bolt        Conj/Air       62%          0%          5
k - Apportation           Tloc           100%         1%          1
m - Borgnjor's Vile Clut  Necr/Erth      65%          1%          5
n - Orb of Destruction    Conj           69%          1%          7
o - Irradiate             Conj/Tmut      58%          1%          5
p - Blink                 Tloc           N/A          1%          2
q - Fireball              Conj/Fire      67%          0%          5
r - Ozocubu's Armour      Ice            68%          1%          3
s - Fire Storm            Conj/Fire      67%          1%          9

Your spell library contained the following spells:

 Spells                   Type           Power        Failure   Level
 Shatter                  Erth           42%          54%         9
 Animate Skeleton         Necr           100%         0%          1
 Corona                   Hex            97%          0%          1
 Foxfire                  Conj/Fire      100%         0%          1
 Magic Dart               Conj           100%         0%          1
 Pain                     Necr           100%         0%          1
 Freeze                   Ice            100%         1%          1
 Sting                    Tmut/Pois      100%         1%          1
 Corpse Rot               Necr/Air       N/A          0%          2
 Searing Ray              Conj           100%         0%          2
 Slow                     Hex            88%          0%          2
 Confusing Touch          Hex            88%          0%          3
 Conjure Flame            Conj/Fire      100%         0%          3
 Dazzling Flash           Conj/Hex       100%         0%          3
 Inner Flame              Hex/Fire       97%          0%          3
 Mephitic Cloud           Conj/Pois/Air  100%         0%          3
 Static Discharge         Conj/Air       100%         0%          3
 Stone Arrow              Conj/Erth      100%         0%          3
 Tukima's Dance           Hex            88%          0%          3
 Fulminant Prism          Conj/Hex       63%          0%          4
 Hailstorm                Conj/Ice       100%         0%          4
 Sticky Flame             Conj/Fire      100%         0%          4
 Bolt of Magma            Conj/Fire/Erth 63%          0%          5
 Iskenderun's Battlesphe  Conj           100%         0%          5
 Starburst                Conj/Fire      67%          0%          6
 Call Imp                 Summ           45%          1%          2
 Ensorcelled Hibernation  Hex/Ice        100%         1%          2
 Passwall                 Tmut/Erth      64%          1%          2
 Poisonous Vapours        Pois/Air       100%         1%          2
 Call Canine Familiar     Summ           45%          1%          3
 Frozen Ramparts          Ice            100%         1%          3
 Gell's Gravitas          Tloc           30%          1%          3
 Ignite Poison            Fire/Tmut/Pois 78%          1%          3
 Lesser Beckoning         Tloc           30%          1%          3
 Portal Projectile        Hex/Tloc       100%         1%          3
 Cause Fear               Hex            44%          1%          4
 Iskenderun's Mystic Bla  Conj/Tloc      100%         1%          4
 Leda's Liquefaction      Hex/Erth       43%          1%          4
 Olgreb's Toxic Radiance  Pois           45%          1%          4
 Passage of Golubria      Tloc           N/A          1%          4
 Petrify                  Tmut/Erth      77%          1%          4
 Summon Ice Beast         Ice/Summ       58%          1%          4
 Summon Lightning Spire   Summ/Air       68%          1%          4
 Alistair's Intoxication  Tmut/Pois      38%          1%          5
 Lee's Rapid Deconstruct  Erth           42%          1%          5
 Metabolic Englaciation   Hex/Ice        39%          1%          5
 Silence                  Hex/Air        43%          1%          5
 Yara's Violent Unravell  Hex/Tmut       39%          1%          5
 Conjure Ball Lightning   Conj/Air       62%          1%          6
 Death Channel            Necr           65%          1%          6
 Freezing Cloud           Conj/Ice/Air   57%          1%          6
 Iron Shot                Conj/Erth      62%          1%          6
 Ozocubu's Refrigeration  Ice            34%          1%          6
 Simulacrum               Ice/Necr       60%          1%          6
 Spellforged Servitor     Conj/Summ      55%          1%          7
 Ignition                 Fire           53%          1%          8
 Summon Forest            Summ/Tloc      27%          2%          5
 Eringya's Noxious Bog    Tmut/Pois      29%          3%          6
 Discord                  Hex            44%          13%         8
 Haunt                    Necr/Summ      55%          21%         7
 Infestation              Necr           65%          21%         8
 Tornado                  Air            42%          54%         9
 Malign Gateway           Summ/Tloc      27%          61%         7
 Summon Hydra             Summ           22%          80%         7
 Dragon's Call            Summ           22%          100%        9
 Beastly Appendage        Tmut           Unusable     N/A         1
 Sublimation of Blood     Necr           Unusable     N/A         2
 Wereblood                Tmut           Unusable     N/A         2
 Spider Form              Tmut/Pois      Unusable     N/A         3
 Ice Form                 Ice/Tmut       Unusable     N/A         4
 Blade Hands              Tmut           Unusable     N/A         5
 Statue Form              Tmut/Erth      Unusable     N/A         6
 Hydra Form               Tmut           Unusable     N/A         6
 Dragon Form              Tmut           Unusable     N/A         7
 Borgnjor's Revivificati  Necr           Unusable     N/A         8
 Necromutation            Tmut/Necr      Unusable     N/A         8
 Death's Door             Necr           Unusable     N/A         9

Dungeon Overview and Level Annotations

Branches:
Dungeon (15/15)            Temple (1/1) D:7            Lair (6/6) D:10
 Shoals (4/4) Lair:3       Spider (4/4) Lair:4        Slime (5/5) Lair:6
    Orc (2/2) D:9             Elf (3/3) Orc:2        Vaults (5/5) D:14
  Crypt (3/3) Vaults:2       Tomb (2/3) Crypt:3      Depths (5/5) D:15
    Zot (5/5) Depths:5

Altars:
Ashenzari
Cheibriados
Dithmenos
Elyvilon
Fedhas
Gozag
Hepliaklqana
Kikubaaqudgha
Makhleb
Nemelex Xobeh
Okawaru
Qazlal
Ru
Sif Muna
Trog
Uskayaw
Vehumet
Wu Jian
Xom
Yredelemnul
Zin
The Shining One
Beogh
Jiyva

Shops:
D:5 }}=[[   D:6 =   D:11 [?=(   Orc:2 ?:((?   Elf:3 [   Depths:3 :

Portals:
Hell: Depths:1 Depths:2 Depths:3 Depths:4 Depths:5
Abyss: Depths:1 Depths:3 Depths:5
Pandemonium: Depths:2 Depths:3 Depths:4
Ziggurat: Depths:5

Annotations:
Depths:4 1 transporter


Innate Abilities, Weirdness & Mutations

You do not drink.
Your flesh is vulnerable to fire.
You are immune to poison.
Your flesh is cold resistant. (rC+)
You are immune to negative energy. (rN+++)
You are immune to unholy pain and torment.
You can survive without breathing.
You are strongly in touch with the powers of death.


Message History

Your fire vortex hits the royal mummy.
Your fire vortex burns the royal mummy!
Your fire vortex dissipates!
The royal mummy casts a spell.
The royal mummy is engulfed in blazing flames.
The bennu pecks you but does no damage. The bennu closely misses you.
The bennu claws you but does no damage.
Your fire vortex hits the quicksilver dragon skeleton.
Your fire vortex burns the quicksilver dragon skeleton!
Your fire vortex dissipates!
The royal mummy is engulfed in blazing flames.
Your battlesphere is engulfed in blazing flames. x3
The bennu pecks you.
* * * LOW HITPOINT WARNING * * *
The bennu sears you!!
* * * LOW HITPOINT WARNING * * *
The bennu claws you!
* * * LOW HITPOINT WARNING * * *
You block the bennu's attack.
The quicksilver dragon skeleton bites you!
You die...

,,...............#.....#,,,,*
*,....^..[..§..^##..M..#,,,,*
*,......M.......#....s.+,,,,*
,^...=..B..M§.M........#,,,,*
,,##..[!....4##○○○.○...#,,,,*
,,*#......4.M##○M)○v...#*+***
,,,..........M.v*v.##..#^,,,*
,,,.....M....M.○b####..#,,,^*
,,,..##...##°.MZ@##.†..#,,,,*
,,,.,,##.##....^°..v.?.#*****
,,,,,,........v.M..s...#,,,,*
**+**#############'#####,,,,*
,,,*,,,,,,,,,,,,*....*,,,,,,*
,,,*,,,,,,,,,,,^#..^.#,,,,,,*
,,,*,,,,,,,,,,,,+,...',,,,,^*
,^,*,,,,,,,,,,,,*,...#.,,,,,*
,,,*,,,,,,,,,,,,*,...#,,,,,,*


You could see 4 royal mummies, 2 emperor scorpions, a bennu, 2 guardian mummies,
a rust devil (summoned), 2 mummies, a quicksilver dragon skeleton, 4 friendly
fire vortices and a friendly battlesphere.

Vanquished Creatures
  the Royal Jelly (Slime:5)
  2 ancient liches
  The ghost of Quickbrownfox the Minotaur Barricade, a legendary MiMo of Makhleb (Crypt:2)
  Mara (Vaults:4)
  Sojobo (Vaults:4)
  2 royal mummies (Tomb:1)
  Boris (Tomb:1)
  Bai Suzhen (Depths:1)
  Margery (Vaults:4)
  2 caustic shrikes (Depths:2)
  A curse toe (Zot:2)
  Xtahua (Vaults:2)
  19 golden dragons
  A profane servitor (Crypt:3)
  A bone dragon (Crypt:3)
  2 electric golems (Zot:1)
  7 liches
  Jorgrun (Shoals:1)
  10 tentacled monstrosities
  Asterion (Spider:1)
  3 deep elf blademasters
  6 titans
  5 quicksilver dragons
  2 deep elf master archers (Elf:3)
  22 acid blobs
  Polyphemus (Shoals:3)
  Gastronok (D:8)
  13 sphinxes
  4 death cobs
  5 ancient champions
  2 draconian monks
  12 shadow dragons
  14 storm dragons
  3 revenants
  22 azure jellies
  9 tengu reavers
  12 fire giants
  5 nagarajas (Depths:3)
  10 frost giants
  A draconian scorcher (Zot:1)
  A cacodemon (Elf:2)
  6 ghost moths
  2 balrugs
  4 iron dragons
  5 curse skulls
  4 deep elf sorcerers (Elf:3)
  The ghost of Sackgasse the Severer, a journeyman MiBe of Trog (Elf:2)
  7 vault wardens
  4 emperor scorpions (Spider:4)
  3 ghouls
  A draconian stormcaller (Depths:5)
  3 draconian annihilators (Zot:1)
  A draconian shifter (Zot:1)
  5 deep elf elementalists (Elf:3)
  A reaper (Crypt:2)
  3 war gargoyles
  10 ironheart preservers
  31 very ugly things
  3 spriggan defenders (Depths:5)
  6 vampire knights
  21 stone giants
  2 pale draconians (Depths:5)
  5 bennus
  10 deep elf demonologists
  4 green draconians
  5 deep elf annihilators
  Azrael (Orc:2)
  2 white draconians
  4 entropy weavers
  3 purple draconians
  5 yellow draconians
  6 red draconians
  A lorocyproca (Depths:4)
  20 spark wasps
  An ettin (shapeshifter) (Vaults:2)
  8 deep elf death magi
  An eidolon (Crypt:1)
  Snorg (D:13)
  9 death oozes
  13 ettins
  9 merfolk impalers
  3 merfolk javelineers
  18 fire dragons
  2 quicksilver dragon zombies
  A crystal guardian (Vaults:4)
  A deep elf high priest (Depths:2)
  22 jiangshi
  19 yaktaur captains
  9 mummy priests
  10 great orbs of eyes
  Fannar (D:11)
  10 hydras
  A quicksilver dragon skeleton (Tomb:1)
  7 boulder beetles
  12 ice dragons
  8 rakshasas
  A great orb of eyes (shapeshifter) (Vaults:4)
  Harold (Lair:2)
  Erolcha (D:11)
  29 vault guards
  The ghost of Hank the Cruncher, a journeyman MiCK of Xom (Orc:1)
  2 naga warriors (Depths:3)
  A spectral shadow dragon (Crypt:3)
  10 centaur warriors
  5 merfolk aquamancers
  A spectral stone giant (Crypt:3)
  8 spriggan air magi
  2 alligator snapping turtles
  4 catoblepae
  5 death knights
  A merfolk avatar (Shoals:4)
  18 two-headed ogres
  5 anacondas (Depths:3)
  12 deep troll shamans
  Erica (D:9)
  18 dancing weapons
  13 deep troll earth magi
  11 ogre magi
  18 death scarabs
  12 tengu warriors
  7 death yaks
  Urug (D:10)
  8 vampire magi
  6 spriggan berserkers
  19 deep elf knights
  2 sun demons (Depths:1)
  Sonja (D:11)
  17 hell knights
  5 iron trolls
  37 deep trolls
  7 shadow wraiths
  17 sea snakes
  2 gelid demonspawn
  6 flayed ghosts
  22 skeletal warriors
  5 glowing orange brains
  An orange crystal statue (Lair:5)
  A glowing orange brain (shapeshifter) (Vaults:5)
  13 deep elf archers
  2 lindwurms (Depths:3)
  2 unseen horrors
  A shadow dragon zombie (Crypt:2)
  16 phantasmal warriors
  A kraken simulacrum (Shoals:4)
  13 ironbrand convokers
  14 harpies
  6 wizards
  12 orc knights
  A frost giant zombie (Crypt:2)
  A harpy (shapeshifter) (Vaults:2)
  41 deep elf magi
  9 orb spiders
  11 large abominations
  A mana viper (shapeshifter) (Vaults:2)
  12 necromancers
  A stone giant zombie (Crypt:2)
  An orc sorcerer (Elf:1)
  3 oklob plants
  68 ugly things
  2 salamanders (Depths:5)
  25 wolf spiders
  24 manticores
  A faun (shapeshifter) (Depths:2)
  12 fauns
  15 cyclopes
  2 shining eyes
  169 slime creatures
  19 moths of wrath
  A salamander (shapeshifter) (D:15)
  A shining eye (shapeshifter) (Vaults:5)
  8 merfolk sirens
  16 elephants
  10 black mambas
  4 guardian serpents (Depths:3)
  2 rust devils (Depths:2)
  A titan simulacrum (Crypt:3)
  Joseph (D:7)
  4 gargoyles
  21 vault sentinels
  A torpor snail (shapeshifter) (Vaults:2)
  A naga mage (Depths:3)
  11 water nymphs
  A storm dragon simulacrum (Crypt:3)
  3 eyes of devastation
  11 cane toads
  A cane toad (shapeshifter) (Vaults:5)
  39 yaktaurs
  2 rime drakes
  An alligator snapping turtle skeleton (Crypt:2)
  An efreet (D:15)
  A black draconian zombie (Crypt:2)
  A hellion (Depths:2)
  A rime drake (shapeshifter) (Depths:3)
  4 hellwings
  8 freezing wraiths
  A kobold demonologist (D:14)
  10 komodo dragons
  14 demonic crawlers
  A death yak skeleton (Crypt:2)
  3 tengu conjurers
  11 guardian mummies
  A redback zombie (D:13)
  An ice devil (Depths:4)
  A polar bear (Lair:6)
  A death drake zombie (Crypt:2)
  An iron troll skeleton (Crypt:1)
  27 merfolk
  11 trolls
  6 harpy zombies
  A wind drake (shapeshifter) (Vaults:5)
  12 hornets
  3 meliai (Spider:1)
  A queen bee (Spider:1)
  23 jumping spiders
  A queen bee (shapeshifter) (Elf:1)
  5 wind drakes
  Prince Ribbit (D:9)
  14 snapping turtles
  10 blink frogs
  A hydra skeleton (Crypt:1)
  A human simulacrum (Vaults:3)
  3 dream sheep (Shoals:1)
  A fire dragon skeleton (Crypt:2)
  68 flying skulls
  4 shadows
  2 air elementals
  58 redbacks
  2 vampires
  4 spriggans
  19 tarantellas
  4 basilisks
  A small abomination (Crypt:3)
  Sigmund (D:6)
  7 wraiths
  A tyrant leech zombie (Crypt:1)
  12 water elementals
  45 yaks
  4 ushabtiu (Tomb:1)
  2 fire bats (shapeshifter)
  4 wyverns
  7 fire elementals
  A yaktaur simulacrum (Vaults:3)
  8 golden eyes
  5 steam dragons
  A vampire mosquito (D:13)
  Menkaure (D:4)
  10 nagas (Depths:3)
  6 wargs
  A soldier ant (D:14)
  9 acid dragons
  16 water moccasins
  Duvessa (D:5)
  A floating eye (Slime:3)
  8 hell hounds
  29 orc warriors
  7 sky beasts
  A hornet zombie (D:13)
  12 ice beasts
  A cane toad skeleton (Tomb:1)
  3 black bears
  A manticore zombie (Shoals:3)
  11 eyes of draining
  3 phantoms
  10 necrophages
  A wolf (shapeshifter) (Elf:2)
  37 ogres
  A boggart (shapeshifter) (Elf:2)
  18 boggarts
  3 wolves (Lair:6)
  A centaur (shapeshifter) (Elf:2)
  15 centaurs
  A swamp dragon skeleton (Crypt:2)
  8 big kobolds
  3 elf zombies
  30 bullfrogs
  A gnoll sergeant (Orc:1)
  Dowan (D:5)
  7 earth elementals
  5 scorpions
  2 wyvern skeletons
  A water moccasin skeleton (D:8)
  21 killer bees
  A polar bear skeleton (Crypt:1)
  2 electric eels
  18 wights
  4 howler monkeys
  2 crimson imps (Depths:2)
  3 lava snakes (Lair:5)
  3 bullfrog zombies
  A centaur zombie (D:11)
  2 quasits
  5 centaur skeletons
  4 hounds
  23 orc wizards
  A basilisk zombie (Crypt:2)
  16 orc priests
  13 jellies
  2 bullfrog skeletons
  2 iron imps (Depths:2)
  A black bear skeleton (Crypt:2)
  11 worker ants
  2 iguanas
  A dwarf zombie (Crypt:1)
  A killer bee zombie (D:7)
  8 ogre zombies (D:9)
  A naga skeleton (Crypt:1)
  A tengu skeleton (Crypt:2)
  A hound zombie (D:8)
  12 mummies
  A worker ant zombie (D:11)
  8 gnolls
  2 howler monkey skeletons
  A river rat (shapeshifter) (Elf:2)
  15 adders
  An adder (shapeshifter) (Elf:2)
  6 shadow imps
  6 white imps
  3 ufetubi
  5 oozes
  A lava snake zombie (Crypt:2)
  An adder skeleton (D:4)
  2 adder zombies
  2 worms
  A worm (shapeshifter) (Elf:2)
  A barachi zombie (Crypt:2)
  A dart slug (D:2)
  8 leopard geckos
  A leopard gecko (shapeshifter) (Vaults:5)
  71 orcs
  4 ball pythons
  4 giant cockroaches
  2 goblins (shapeshifter) (Elf:2)
  7 hobgoblins
  10 jackals
  37 kobolds
  8 quokkas
  9 bats
  8 frilled lizards
  A giant cockroach zombie (D:6)
  14 goblins
  A goblin skeleton (D:9)
  3 goblin zombies (D:9)
  4 hobgoblin skeletons (D:9)
  2 hobgoblin zombies (D:9)
  3 jackal zombies
  A leopard gecko zombie (D:8)
  5 orc skeletons (D:9)
  10 orc zombies (D:9)
  A quokka zombie (D:9)
  4 rats
  A bush (Lair:3)
2693 creatures vanquished.

Vanquished Creatures (collateral kills)
  A golden dragon (Zot:4)
  A storm dragon (Vaults:5)
  A tengu reaver (Vaults:5)
  A white draconian (Zot:1)
  An ettin (D:14)
  An ice dragon (Zot:4)
  A vault guard (Vaults:4)
  A centaur warrior (D:14)
  4 two-headed ogres
  An ogre mage (Orc:2)
  An orc high priest (Elf:1)
  A deep elf knight (Elf:1)
  2 skeletal warriors
  An orc sorcerer (Elf:1)
  6 deep elf magi
  2 orc warriors
  2 ogres (Orc:2)
  An orc wizard (D:14)
  2 orcs (Orc:2)
31 creatures vanquished.

Vanquished Creatures (others)
  A draconian monk (Zot:1)
  A green draconian (Zot:1)
  2 dancing weapons
  An orc (Vaults:5)
  50 fire vortices
  34 fulminant prisms
  35 fungi
  187 plants
  8 tentacles (Shoals:4)
  7 withered plants (D:11)
326 creatures vanquished.

Grand Total: 3050 creatures vanquished

Notes
Turn   | Place    | Note
-------+----------+-------------------------------------------
     0 | D:1      | oldnick the Mummy Necromancer began the quest for the Orb.
     0 | D:1      | Reached XP level 1. HP: 13/13 MP: 4/4
     1 | D:1      | Noticed an electric eel
   130 | D:1      | Reached skill level 3 in Spellcasting
   206 | D:1      | Reached XP level 2. HP: 19/19 MP: 0/6
   540 | D:1      | Reached XP level 3. HP: 24/24 MP: 4/8
   544 | D:1      | Learned a level 3 spell: Vampiric Draining
  1481 | D:2      | Reached skill level 4 in Spellcasting
  1629 | D:3      | Reached XP level 4. HP: 30/30 MP: 5/10
  1825 | D:3      | Found a glowing drain.
  1844 | D:3      | Reached skill level 1 in Shields
  2066 | D:2      | Reached skill level 5 in Necromancy
  2560 | D:3      | Found a hide-covered altar of Uskayaw.
  2576 | D:3      | Found a sacrificial altar of Ru.
  2656 | D:3      | Reached skill level 1 in Fighting
  3172 | D:2      | Reached XP level 5. HP: 23/37 MP: 4/11
  3394 | D:2      | Found an iron altar of Okawaru.
  4037 | D:5      | Entered Level 5 of the Dungeon
  4037 | D:5      | Found Igaicven's Antique Armour Boutique.
  4043 | D:5      | Learned a level 2 spell: Searing Ray
  4191 | D:4      | Reached XP level 6. HP: 39/43 MP: 6/12
  4568 | D:4      | Noticed Menkaure
  4715 | D:4      | Reached skill level 1 in Conjurations
  4728 | D:4      | Reached skill level 5 in Spellcasting
  5028 | D:5      | Found Gaogial's Jewellery Boutique.
  5044 | D:5      | Found Neahurr's Gadget Boutique.
  5092 | D:5      | Noticed Dowan
  5135 | D:5      | Noticed a sky beast
  5159 | D:5      | Killed a sky beast
  5160 | D:5      | Reached XP level 7. HP: 50/50 MP: 5/14
  5322 | D:5      | Found Luxkuqupp's Armour Emporium.
  5339 | D:5      | Bought a +0 pair of gloves for 63 gold pieces
  5555 | D:5      | Found Juereowk's Gadget Boutique.
  5567 | D:5      | Noticed Duvessa
  5586 | D:5      | Killed Duvessa
  5690 | D:5      | Killed Dowan
  5717 | D:4      | Reached skill level 6 in Spellcasting
  6500 | D:6      | Found Moeweskaph's Jewellery Emporium.
  6528 | D:6      | Reached skill level 7 in Spellcasting
  6536 | D:6      | Noticed Sigmund
  6662 | D:6      | Reached XP level 8. HP: 58/58 MP: 13/18
  6771 | D:6      | Found a shadowy altar of Dithmenos.
  6774 | D:6      | Found a hazy altar of Hepliaklqana.
  6812 | D:6      | Found a shimmering blue altar of Sif Muna.
  6832 | D:6      | Found an opulent altar of Gozag.
  6835 | D:6      | Found an ancient bone altar of Kikubaaqudgha.
  6894 | D:7      | Found a bloodstained altar of Trog.
  7066 | D:7      | Reached skill level 1 in Armour
  7066 | D:7      | Reached skill level 1 in Evocations
  7113 | D:7      | Found a bloodstained altar of Trog.
  7368 | D:7      | Reached skill level 8 in Spellcasting
  7550 | D:7      | Learned a level 2 spell: Swiftness
  7557 | D:7      | Found a staircase to the Ecumenical Temple.
  7567 | Temple   | Entered the Ecumenical Temple
  7754 | Temple   | Became a worshipper of Vehumet
  8034 | D:6      | Reached skill level 1 in Air Magic
  8094 | D:8      | Noticed Gastronok
  8366 | D:7      | Noticed Joseph
  8705 | D:7      | Reached XP level 9. HP: 63/63 MP: 13/21
  9172 | D:8      | Noticed a two-headed ogre
  9240 | D:8      | Noticed a gargoyle
 10053 | D:9      | Reached skill level 9 in Spellcasting
 10055 | D:9      | Learned a level 1 spell: Shock
 10114 | D:10     | Entered Level 10 of the Dungeon
 10248 | D:9      | Reached * piety under Vehumet
 10248 | D:9      | Offered knowledge of Foxfire by Vehumet.
 10339 | D:9      | Noticed Prince Ribbit
 10466 | D:9      | Noticed Erica
 10511 | D:9      | Killed Prince Ribbit
 10732 | D:9      | Found a staircase to the Orcish Mines.
 10839 | D:9      | Reached ** piety under Vehumet
 10839 | D:9      | Offered knowledge of Sandblast by Vehumet.
 10846 | D:9      | Learned a level 4 spell: Fulminant Prism
 11303 | D:9      | Reached skill level 1 in Hexes
 11304 | D:9      | Reached XP level 10. HP: 67/70 MP: 13/23
 11426 | Orc:1    | Entered Level 1 of the Orcish Mines
 11790 | Orc:2    | Entered Level 2 of the Orcish Mines
 11792 | Orc:2    | Noticed an ettin
 11849 | D:9      | Found a burning altar of Makhleb.
 12022 | D:8      | Killed a two-headed ogre
 12023 | D:8      | Reached skill level 10 in Spellcasting
 12028 | D:8      | Learned a level 4 spell: Animate Dead
 12034 | D:8      | Learned a level 5 spell: Agony
 12039 | D:8      | Learned a level 4 spell: Airstrike
 12469 | D:8      | Offered knowledge of Frozen Ramparts by Vehumet.
 12745 | D:10     | Noticed a two-headed ogre
 12778 | D:9      | Killed Erica
 13395 | D:10     | Killed a two-headed ogre
 13513 | D:10     | Reached skill level 11 in Spellcasting
 13590 | D:10     | Reached skill level 5 in Air Magic
 13674 | D:10     | Reached *** piety under Vehumet
 13793 | D:10     | Reached skill level 1 in Staves
 13874 | D:11     | Found Irapriu's Jewellery Boutique.
 13911 | D:10     | Noticed a deep troll earth mage
 14196 | D:11     | Reached XP level 11. HP: 76/76 MP: 12/26
 14303 | D:11     | Noticed Sonja
 14307 | D:11     | Killed Sonja
 14374 | D:11     | Noticed Urug
 14552 | D:10     | Noticed a centaur warrior
 14602 | D:10     | Noticed an ogre mage
 14718 | D:8      | Offered knowledge of Olgreb's Toxic Radiance by Vehumet.
 15186 | D:8      | Reached skill level 5 in Fighting
 15420 | D:7      | Killed Joseph
 15421 | D:7      | Reached skill level 12 in Spellcasting
 15427 | D:7      | Learned a level 5 spell: Lightning Bolt
 15586 | D:6      | Killed Sigmund
 16392 | D:10     | Noticed an orc knight
 16404 | D:10     | Killed a centaur warrior
 16611 | D:10     | Killed an orc knight
 16646 | D:10     | Noticed a fire dragon
 16657 | D:10     | Killed a fire dragon
 16658 | D:10     | Reached skill level 5 in Conjurations
 16930 | D:10     | Found a staircase to the Lair.
 17060 | Lair:1   | Entered Level 1 of the Lair of Beasts
 17187 | D:10     | Killed Urug
 17319 | D:11     | Noticed Fannar
 17952 | Lair:2   | Learned a level 1 spell: Apportation
 17992 | Lair:2   | Reached XP level 12. HP: 86/86 MP: 17/28
 18063 | Lair:2   | Reached skill level 1 in Translocations
 18205 | Lair:2   | Noticed Harold
 18210 | Lair:2   | Killed Harold
 18569 | Lair:2   | Reached **** piety under Vehumet
 18703 | Lair:2   | Offered knowledge of Mephitic Cloud by Vehumet.
 18785 | Lair:2   | Reached skill level 13 in Spellcasting
 19835 | Lair:3   | Noticed an eight-headed hydra
 19878 | Lair:3   | Killed an eight-headed hydra
 20059 | Lair:2   | Reached skill level 14 in Spellcasting
 20180 | Lair:3   | Learned a level 3 spell: Tukima's Dance
 20342 | Lair:3   | Reached skill level 5 in Hexes
 21461 | Lair:3   | Found a staircase to the Shoals.
 21476 | Lair:3   | Identified the Volume of Floating Poisoning
 21697 | Lair:4   | Found a hole to the Spider Nest.
 21804 | Lair:4   | Reached skill level 15 in Spellcasting
 21804 | Lair:4   | Gained mutation: You are in touch with the powers of death.
                  | [Mummy growth]
 21804 | Lair:4   | Reached XP level 13. HP: 91/91 MP: 21/32
 23024 | Lair:4   | Reached skill level 16 in Spellcasting
 23199 | Lair:4   | Got a pair of smoking gloves
 23210 | Lair:4   | Identified the -3 pair of gloves "Yleroot" {rF+ Will+
                  | Dex-4} (You found it on level 4 of the Lair of Beasts)
 23534 | Lair:6   | Entered Level 6 of the Lair of Beasts
 25045 | Lair:6   | Found a staircase to the Slime Pits.
 25856 | Lair:6   | Reached ***** piety under Vehumet
 26440 | Lair:6   | Offered knowledge of Starburst by Vehumet.
 26915 | Lair:6   | Reached skill level 10 in Necromancy
 27103 | Lair:6   | Reached XP level 14. HP: 98/98 MP: 15/34
 27845 | D:11     | Bought a cursed amulet of magic regeneration for 405 gold
                  | pieces
 28291 | D:11     | Killed Fannar
 28606 | D:11     | Found Soasah's Magic Scroll Emporium.
 28618 | D:11     | Found Diomaqal's Weapon Shoppe.
 28701 | D:11     | Found Xuetil's Antique Armour Shoppe.
 28730 | D:11     | Reached skill level 5 in Shields
 28826 | D:11     | Found a gateway to a bazaar.
 28832 | Bazaar   | Entered a bazaar
 28846 | Bazaar   | Found Letwed's General Store.
 28851 | Bazaar   | Bought a scroll of fog for 30 gold pieces
 28862 | Bazaar   | Found Pied's General Store.
 28867 | Bazaar   | Bought a scroll of enchant armour for 67 gold pieces
 28867 | Bazaar   | Bought a scroll of teleportation for 27 gold pieces
 28891 | Bazaar   | Found Bywni's General Store.
 28891 | Bazaar   | Found Poegova's Weapon Shoppe.
 29007 | D:11     | Noticed Erolcha
 29402 | Orc:2    | Found Dehays's Magic Scroll Boutique.
 29410 | Orc:2    | Bought a scroll of fear for 45 gold pieces
 29410 | Orc:2    | Bought a scroll of teleportation for 39 gold pieces
 29542 | Orc:2    | Found a staircase to the Elven Halls.
 30090 | Orc:2    | Offered knowledge of Bolt of Magma by Vehumet.
 30286 | Orc:2    | Noticed Azrael
 30591 | D:11     | Bought a scroll of enchant armour for 105 gold pieces
 30872 | Spider:1 | Entered Level 1 of the Spider Nest
 30903 | Spider:1 | Noticed Asterion
 30905 | Spider:1 | Noticed an Executioner
 31127 | D:4      | Killed Menkaure
 31363 | D:8      | Killed Gastronok
 31724 | D:13     | Reached skill level 17 in Spellcasting
 32024 | D:12     | Got a pair of jewelled gloves
 32025 | D:12     | Identified the +1 pair of gloves "Qydeus" {rCorr} (You
                  | found it on level 12 of the Dungeon)
 32556 | D:13     | Noticed Snorg
 32746 | Orc:2    | Killed Azrael
 33184 | Orc:2    | Found Hilefria's Antique Weapon Shoppe.
 33465 | Orc:2    | Reached XP level 15. HP: 103/110 MP: 16/36
 33656 | Orc:1    | Offered knowledge of Eringya's Noxious Bog by Vehumet.
 33903 | Orc:1    | Found a large runed translucent door.
 33903 | Orc:1    | Found a large runed translucent door.
 33910 | Orc:1    | Found a roughly hewn altar of Beogh.
 33955 | Orc:1    | Noticed Hank's ghost (journeyman MiCK)
 34132 | Orc:2    | Found Teluosymm's Antique Weapon Emporium.
 34135 | Orc:2    | Found Ygioroppe's Book Boutique.
 34144 | Orc:2    | Found Keyfi's Magic Scroll Emporium.
 34148 | Orc:2    | Bought a book of Maledictions for 275 gold pieces
 34148 | Orc:2    | Bought a book of Unlife for 715 gold pieces
 34154 | Orc:2    | Learned a level 5 spell: Borgnjor's Vile Clutch
 34159 | Orc:2    | Bought a scroll of amnesia for 42 gold pieces
 34159 | Orc:2    | Bought a scroll of fear for 42 gold pieces
 34159 | Orc:2    | Bought a scroll of blinking for 90 gold pieces
 34159 | Orc:2    | Bought a scroll of teleportation for 36 gold pieces
 34424 | D:13     | Found the +0 staff of Battle
 34494 | D:13     | Reached skill level 1 in Earth Magic
 34865 | D:13     | Reached skill level 18 in Spellcasting
 34973 | D:13     | Identified the ring of Bafearr {rF+ Str+3 SInv}
 35218 | D:13     | Killed Snorg
 35505 | D:14     | You fall into a shaft and drop 1 floor!
 35505 | D:15     | Entered Level 15 of the Dungeon
 35704 | D:13     | Identified Fumuoxt's Collected Works on Arcane Weapons
 36578 | D:14     | Offered knowledge of Orb of Destruction by Vehumet.
 37384 | D:14     | Found a gate to the Vaults.
 37609 | D:15     | Reached skill level 10 in Fighting
 38503 | D:15     | Found a staircase to the Depths.
 39059 | Spider:1 | Killed Asterion
 39060 | Spider:1 | Reached skill level 19 in Spellcasting
 39289 | Lair:4   | Reached XP level 16. HP: 104/122 MP: 28/39
 39297 | Lair:4   | Learned a level 7 spell: Orb of Destruction
 39675 | Spider:1 | Offered knowledge of Irradiate by Vehumet.
 39686 | Lair:4   | Learned a level 5 spell: Irradiate
 40217 | Spider:1 | Reached skill level 1 in Transmutations
 42111 | Spider:3 | Offered knowledge of Lee's Rapid Deconstruction by Vehumet.
 42479 | Spider:3 | Reached skill level 10 in Conjurations
 42625 | Spider:4 | Entered Level 4 of the Spider Nest
 44411 | Spider:4 | Reached skill level 20 in Spellcasting
 44495 | Spider:4 | Reached ****** piety under Vehumet
 45172 | Spider:4 | Got a gossamer rune of Zot
 45384 | D:11     | Killed Erolcha
 45385 | D:11     | Reached XP level 17. HP: 128/128 MP: 32/41
 45659 | Shoals:1 | Entered Level 1 of the Shoals
 46055 | Elf:1    | Entered Level 1 of the Elven Halls
 46084 | Elf:1    | Found a flickering gateway to a bazaar.
 46096 | Bazaar   | Entered a bazaar
 46121 | Bazaar   | Found Janefy's Armour Boutique.
 46143 | Bazaar   | Found Mitsiofo's Antique Armour Emporium.
 46164 | Bazaar   | Found Ykitti's Book Boutique.
 46184 | Bazaar   | Found Widghoob's Armour Shoppe.
 46226 | Bazaar   | Bought a book of Minor Magic for 300 gold pieces
 46229 | Bazaar   | Learned a level 2 spell: Blink
 46229 | Bazaar   | Bought a book of Frost for 525 gold pieces
 46564 | Elf:1    | Offered knowledge of Chain Lightning by Vehumet.
 46692 | Elf:2    | Found a gateway to a bazaar.
 47115 | Elf:1    | Identified Ullon's Catalogue of Unholy Secrets
 47871 | Elf:2    | Reached skill level 10 in Hexes
 48304 | Elf:2    | Found a runed translucent gate.
 48304 | Elf:2    | Found a runed translucent gate.
 48305 | Elf:2    | Found a runed translucent gate.
 48404 | Elf:3    | Entered Level 3 of the Elven Halls
 48811 | Elf:2    | Found a huge runed translucent gate.
 48811 | Elf:2    | Found a huge runed translucent gate.
 48811 | Elf:2    | Found a huge runed translucent gate.
 48812 | Elf:2    | Found a huge runed translucent gate.
 48814 | Elf:2    | Found a huge runed translucent gate.
 48987 | Elf:2    | Noticed a deep elf blademaster
 49070 | Elf:2    | Noticed a tentacled monstrosity
 49071 | Elf:2    | Noticed a tentacled monstrosity
 49081 | Elf:2    | Killed a tentacled monstrosity
 49085 | Elf:2    | Killed a tentacled monstrosity
 49141 | Elf:2    | Found a runed translucent gate.
 49141 | Elf:2    | Found a runed translucent gate.
 49141 | Elf:2    | Noticed Sackgasse's ghost (journeyman MiBe)
 49142 | Elf:2    | Found a runed translucent gate.
 49261 | Elf:2    | Offered knowledge of Lehudib's Crystal Spear by Vehumet.
 49261 | Elf:2    | Offered knowledge of Fire Storm by Vehumet.
 49261 | Elf:2    | Offered knowledge of Shatter by Vehumet.
 49297 | Elf:2    | Killed a deep elf blademaster
 49932 | Elf:2    | Reached XP level 18. HP: 134/134 MP: 42/42
 50415 | Elf:3    | Identified the ring "Jaafothra" {rF- rC+ MP+9 Int+6}
 50501 | Elf:3    | Found Qilub's Armour Shop.
 50842 | Elf:3    | Reached skill level 21 in Spellcasting
 51646 | Elf:3    | Noticed a Brimstone Fiend
 51783 | Elf:3    | Reached skill level 22 in Spellcasting
 52057 | Elf:3    | Found the +7 great mace "Firestarter" {inner flame, rF++}
 52107 | Elf:3    | Got a vibrating lead amulet
 52108 | Elf:3    | Identified the amulet of Yesterday {Reflect *Drain rElec
                  | rF+++ Dex-2 SH+5} (You found it on level 3 of the Elven
                  | Halls)
 52135 | Elf:3    | Found the +9 heavy crossbow "Sniper" {vorpal, Acc+∞ SInv}
 52150 | Elf:3    | Found the +3 crown of Dyrovepreva {rElec Int+2 SInv}
 52175 | Elf:3    | Got an ancient tin amulet
 52176 | Elf:3    | Identified the amulet "Guhuq" {Spirit *Slow Int-2 Dex+8}
                  | (You found it on level 3 of the Elven Halls)
 52253 | Elf:3    | Got a jewelled leather armour
 52254 | Elf:3    | Identified the +0 leather armour "Alarea Kyge" {Rampage rC+
                  | Str+6} (You found it on level 3 of the Elven Halls)
 52357 | Bazaar   | Entered a bazaar
 52358 | Bazaar   | Found Qioz's Magic Scroll Boutique.
 52366 | Bazaar   | Bought a scroll of fog for 22 gold pieces
 52366 | Bazaar   | Bought a scroll of teleportation for 33 gold pieces
 52366 | Bazaar   | Bought a scroll of fear for 38 gold pieces
 52369 | Bazaar   | Found Weit's Gadget Emporium.
 52377 | Bazaar   | Bought a wand of digging (5) for 180 gold pieces
 52377 | Bazaar   | Bought a wand of digging (5) for 180 gold pieces
 52380 | Bazaar   | Found Axkael's Antique Armour Shop.
 52388 | Bazaar   | Found Jutaumeu's Antique Weapon Shop.
 52399 | Bazaar   | Found Runul's General Store.
 52407 | Bazaar   | Bought 3 scrolls of teleportation for 54 gold pieces
 52407 | Bazaar   | Bought a scroll of torment for 45 gold pieces
 52407 | Bazaar   | Bought a book of Flames for 210 gold pieces
 52407 | Bazaar   | Bought a scroll of fog for 12 gold pieces
 52407 | Bazaar   | Bought a potion of resistance for 60 gold pieces
 52428 | Elf:1    | Learned a level 5 spell: Fireball
 52484 | Elf:2    | Killed Sackgasse's ghost
 52942 | Shoals:1 | Reached skill level 1 in Fire Magic
 53119 | Shoals:1 | Noticed Jorgrun
 53262 | Vaults:1 | Entered Level 1 of the Vaults
 53434 | Vaults:1 | Found a flickering gateway to a bazaar.
 53443 | Bazaar   | Entered a bazaar
 53443 | Bazaar   | Found Suetihour's Gadget Emporium.
 53443 | Bazaar   | Found Lalashe's Armour Shop.
 53443 | Bazaar   | Found Teazicent's Gadget Shoppe.
 53443 | Bazaar   | Found Dikhlusa's General Store.
 53445 | Bazaar   | Found Kyhad's Assorted Antiques.
 53487 | Bazaar   | Bought a scroll of teleportation for 33 gold pieces
 55365 | Vaults:2 | Reached skill level 5 in Fire Magic
 55365 | Vaults:2 | Found a staircase to the Crypt.
 55680 | Vaults:2 | Noticed Xtahua
 55772 | Vaults:2 | Reached XP level 19. HP: 143/143 MP: 45/45
 55885 | Vaults:1 | Learned a level 4 spell: Dispel Undead
 57043 | Shoals:1 | Killed Jorgrun
 58959 | Shoals:3 | Noticed Polyphemus
 59278 | Shoals:4 | Entered Level 4 of the Shoals
 60273 | Shoals:3 | Killed Polyphemus
 60802 | Shoals:4 | Identified the cursed +1 bardiche "Ymoni" {flame, rC+ rN+}
 61946 | Shoals:4 | Reached XP level 20. HP: 138/156 MP: 46/46
 62058 | Shoals:4 | Got a barnacled rune of Zot
 62406 | Shoals:4 | Found the +2 ratskin cloak {*Rats rPois rN+ Str-1 Int-1
                  | Dex+1}
 62965 | Slime:1  | Entered Level 1 of the Pits of Slime
 63534 | Orc:1    | Killed Hank's ghost
 64030 | Vaults:2 | Reached skill level 23 in Spellcasting
 65118 | Vaults:3 | Reached skill level 24 in Spellcasting
 66481 | Vaults:4 | Noticed Margery
 66486 | Vaults:4 | Killed Margery
 67237 | Vaults:4 | Noticed Mara
 67265 | Vaults:4 | Noticed oldnick's illusion
 67330 | Vaults:4 | Reached skill level 25 in Spellcasting
 68067 | Vaults:4 | Reached XP level 21. HP: 162/162 MP: 50/50
 69336 | Crypt:1  | Entered Level 1 of the Crypt
 69542 | Depths:1 | Entered Level 1 of the Depths
 69553 | Depths:1 | Reached skill level 26 in Spellcasting
 71010 | Slime:2  | Reached skill level 27 in Spellcasting
 71621 | Slime:4  | Found a viscous altar of Jiyva.
 71949 | Slime:5  | Entered Level 5 of the Pits of Slime
 72243 | Slime:5  | Reached skill level 15 in Conjurations
 73117 | Slime:5  | Reached XP level 22. HP: 169/169 MP: 52/53
 73218 | Slime:5  | Noticed the Royal Jelly
 73717 | Slime:5  | Found a viscous altar of Jiyva.
 73721 | Slime:5  | Found the brooch of Shielding {Spirit SH+8}
 74204 | Slime:5  | Learned a level 3 spell: Ozocubu's Armour
 74697 | Vaults:2 | Reached skill level 1 in Ice Magic
 76279 | Vaults:2 | Killed Xtahua
 76410 | Crypt:1  | Reached skill level 5 in Earth Magic
 77142 | Crypt:1  | Identified a scroll of acquirement
 77146 | Crypt:1  | Acquired 1013 gold pieces
 77606 | Crypt:3  | Entered Level 3 of the Crypt
 77757 | Crypt:2  | Noticed Quickbrownfox's ghost (legendary MiMo)
 77761 | Crypt:2  | Found a runed translucent gate.
 77762 | Crypt:2  | Found a runed translucent gate.
 77762 | Crypt:2  | Found a runed translucent gate.
 77808 | Crypt:2  | Reached skill level 5 in Ice Magic
 78356 | Crypt:3  | Reached skill level 5 in Transmutations
 79508 | Crypt:3  | Found a basalt altar of Yredelemnul.
 80052 | Crypt:3  | Reached XP level 23. HP: 125/178 MP: 52/54
 80203 | Crypt:3  | Identified the Disquisition on Necromancy
 80484 | Crypt:3  | Got a translucent diamond amulet
 80485 | Crypt:3  | Identified the amulet "Zukhuc" {Acrobat rPois Int+6} (You
                  | found it on level 3 of the Crypt)
 80486 | Crypt:3  | Identified Kywaemau's Reference Book on Dusty Unholy Arts
 80572 | Crypt:3  | Noticed an ancient lich
 80584 | Crypt:3  | Killed an ancient lich
 80594 | Crypt:3  | Found a staircase to the Tomb.
 80631 | Crypt:3  | Identified the Almanac of the Glacial Compass
 80955 | Tomb:1   | Entered Level 1 of the Tomb of the Ancients
 81454 | Depths:1 | HP: 2/178 [ettin/+0 dire flail (35)]
 83393 | Depths:3 | Found a one-way gate leading to the halls of Pandemonium.
 84348 | Depths:2 | Reached skill level 10 in Fire Magic
 84497 | Depths:2 | Reached XP level 24. HP: 185/185 MP: 31/54
 84717 | Depths:2 | Found a gateway to Hell.
 85156 | Depths:1 | Found a one-way gate to the infinite horrors of the Abyss.
 85482 | Depths:1 | Noticed Bai Suzhen
 85535 | Depths:1 | Killed Bai Suzhen
 87969 | Depths:3 | Found Coen's Book Emporium.
 89509 | Depths:4 | Reached skill level 15 in Fire Magic
 89755 | Depths:4 | Found a transporter.
 89759 | Depths:4 | Found a radiant altar of Vehumet.
 89763 | Depths:4 | Reached XP level 25. HP: 191/191 MP: 54/54
 90460 | Depths:5 | Entered Level 5 of the Depths
 90460 | Depths:5 | Found a gateway to a ziggurat.
 93201 | Depths:5 | Found a gate to the Realm of Zot.
 93408 | Depths:5 | Learned a level 9 spell: Fire Storm
 94224 | Slime:5  | Killed the Royal Jelly
 94254 | Slime:5  | Got a slimy rune of Zot
 94263 | Slime:5  | Acquired a Necronomicon
 94283 | Slime:5  | Got a shimmering steel ring
 94284 | Slime:5  | Identified the ring "Emoowar" {rC+ MP+9 Slay+2 Stlth-} (You
                  | found it on level 5 of the Pits of Slime)
 94354 | Slime:5  | Identified Sif Muna's Grimoire of Conjuration and Poison
 94901 | Vaults:4 | Killed Mara
 94983 | Vaults:5 | Entered Level 5 of the Vaults
 95137 | Vaults:4 | Learned a level 6 spell: Invisibility
 97015 | Vaults:4 | Gained mutation: You are strongly in touch with the powers
                  | of death. [Mummy growth]
 97015 | Vaults:4 | Reached XP level 26. HP: 197/198 MP: 53/54
 97062 | Vaults:5 | Noticed Sojobo
 97403 | Vaults:4 | Killed Sojobo
 98008 | Vaults:5 | Identified the ring "Othulief" {rPois SInv}
 98987 | Vaults:5 | Got a silver rune of Zot
 99133 | Vaults:5 | Identified the Collected Works on Cloudy Summoning
 99528 | Vaults:5 | Identified the Reference Book on Aerial Confrontation
 99695 | Vaults:5 | Reached skill level 5 in Armour
 99695 | Vaults:5 | Reached skill level 5 in Dodging
 99782 | Vaults:5 | Identified the ring "Forget-Me-Not" {rF- rN+ Int+3}
 99787 | Vaults:5 | Identified the ring "Utane" {+Fly EV+4}
100815 | Crypt:2  | Killed Quickbrownfox's ghost
100930 | Tomb:1   | Noticed Boris
100944 | Tomb:1   | Killed Boris
101227 | Tomb:1   | Reached XP level 27. HP: 186/204 MP: 41/54
101269 | Tomb:1   | Learned a level 8 spell: Lehudib's Crystal Spear
101677 | Tomb:1   | Noticed a royal mummy
101682 | Tomb:1   | Killed a royal mummy
101835 | Tomb:1   | Noticed an ancient lich
101840 | Tomb:1   | Killed an ancient lich
101914 | Tomb:1   | Noticed a royal mummy
101918 | Tomb:1   | Killed a royal mummy
102982 | Zot:1    | Entered Level 1 of the Realm of Zot
104331 | Zot:1    | Got an ancient robe
104332 | Zot:1    | Identified the +4 robe of a treasure trove {Regen+ Str-5
                  | Slay+2} (You found it on level 1 of the Realm of Zot)
105501 | Zot:2    | Reached skill level 10 in Air Magic
106237 | Zot:3    | Reached skill level 10 in Earth Magic
107120 | Zot:5    | Entered Level 5 of the Realm of Zot
107328 | Zot:4    | Found the +4 dagger "Morg" {pain, Will+ Int+5}
107369 | Zot:4    | Got a dull robe
107370 | Zot:4    | Identified the cursed +1 robe "Vufouth" {Slay+2} (You found
                  | it on level 4 of the Realm of Zot)
108587 | Tomb:2   | Noticed a royal mummy
108596 | Tomb:2   | Noticed a royal mummy
108599 | Tomb:2   | Noticed a royal mummy
108601 | Tomb:2   | Noticed a royal mummy
108602 | Tomb:2   | HP: 3/204 [bennu (16)]
108602 | Tomb:2   | Mangled by a quicksilver dragon skeleton

Illustrated notes

Levels and vault maps discovered:
D:1:      arrival_aquarium_a, layout_loops_ring
D:2:      layout_loops_ring, okawaru_altar_gauntlet_db
D:3:      layout_basic, grunt_temple_overflow_open, portal_sewer_entry_f
D:4:      layout_cave_pods, uniq_menkaure
D:5:      layout_layer_cave, serial_shops, shop, shop, kennysheep_mini, shop,
          shop, kennysheep_generic_room_16, uniq_duvessa
D:6:      layout_cave_pools, nicolae_overflow_hidden_temple, serial_shops,
          shop_fountains, uniq_sigmund
D:7:      layout_layer_cave, minmay_temple_entry_sparse_star, basic_altar,
          enter_bailey_7, chequers_ossuary_entry_cave,
          trog_three_pillars_becter, uniq_joseph
D:8:      layout_gridville, uniq_gastronok
D:9:      layout_gridville, makhleb_grotto_becter, zombieorc2_lemuel,
          serial_bayou_pond_b, uniq_prince_ribbit1, uniq_erica
D:10:     minmay_the_grid_3x2 [minmay_the_grid_stretched_grid,
          minmay_the_grid_minigrid_medium, minmay_the_grid_all_tris,
          minmay_the_grid_dragon_a, minmay_the_grid_eight,
          minmay_the_grid_prize_four_corners], layout_gridville
D:11:     layout_rooms, serial_undead, serial_undead_f, serial_undead_e,
          serial_undead_b, serial_undead_d, serial_shops, bzr_entry_safe,
          nicolae_shop_statue_plus, nicolae_shop_trees, shop_coins,
          nicolae_shop_waterfront, minmay_increasing_density, uniq_urug,
          uniq_fannar, uniq_erolcha, uniq_sonja
D:12:     layout_loops_ring, kennysheep_generic_room_11
D:13:     cheibrodos_ideogram_h, layout_irregular_city,
          chequers_serial_rivers_small_a, minmay_hollow_rounded_squares,
          uniq_snorg
D:14:     layout_stronghold, david_vaults_4, portal_ice_cave_entry_ice_beasts,
          minmay_misc_feat_more_columns
D:15:     grunt_enter_depths_hoard, layout_basic
Temple:   eino_temple_water
Lair:1:   layout_cave_shapes, grunt_megastairs_1, serial_bayou_shore_b
Lair:2:   layout_chaotic_city, chequers_serial_rivers_room_b,
          beast_lair_carwin_8, serial_bayou_shore_b, uniq_harold
Lair:3:   layout_gridlike, minmay_shoals_entry_hut, minmay_lair_oklob_items,
          st_stairs_3, grunt_forest_large_clearing_hut
Lair:4:   layout_regular_city, spider_nest_entry_web_field
Lair:5:   layout_regular_city, disabler_island
Lair:6:   evilmike_catoblepas_cave, layout_big_grid,
          nicolae_slime_entry_slimehenge, grunt_megastairs_3, lemuel_fruit_tree
Shoals:1: cheibrodos_shoals_epimethial_gifts, layout_shoals, uniq_jorgrun
Shoals:2: layout_shoals
Shoals:3: layout_shoals, nicolae_shoals_undead_eyrie, uniq_polyphemus
Shoals:4: shoals_end_grunt_ice, layout_shoals, nicolae_shoals_this_corrosion
Spider:1: layout_spider_delve, nicolae_looking_at_the_future, uniq_asterion
Spider:2: layout_spider_delve, spiders_nest_spider_trap
Spider:3: layout_spider_delve
Spider:4: spider_rune_water
Slime:1:  layout_caves
Slime:2:  layout_caves
Slime:3:  layout_caves
Slime:4:  layout_caves, basic_altar
Slime:5
Orc:1:    layout_diamond_mine, ebering_ghost_disaster_area,
          nicolae_volcano_entry_hallway, mines1_david
Orc:2:    st_orc_open, layout_diamond_mine, serial_shops, shop, uniq_azrael
Elf:1:    eino_elf_arrival_sip, layout_gridlike, serial_shops,
          bzr_entry_lakeside, minmay_elf_necromancy, st_stairs_14
Elf:2:    layout_gridlike, ploomutoo_gammafunk_ghost_potion_laboratory,
          serial_shops, bzr_in_the_mist
Elf:3:    elf_hall, layout_loops_cross, serial_shops, shop_fountains
Vaults:1: v_misc_19, st_cells, nicolae_vaults_circle_grid_b,
          ontoclasm_vaults_pinch, vaults_dpeg_encased_lava,
          layout_vaults_omnigrid, serial_shops, bzr_entry_islet
Vaults:2: nicolae_vaults_three_branches, v_misc_18,
          ontoclasm_vaults_ring_square, nicolae_vaults_shelves_hall, v_rooms_6,
          minmay_crypt_entry_simple_plaza, nicolae_vaults_big_ls, v_pattern_3,
          nicolae_vaults_ninety_degrees, nicolae_vaults_specimen_jars,
          nicolae_vaults_little_squares_6, nicolae_vaults_little_squares_6,
          layout_vaults_big_cross, uniq_xtahua
Vaults:3: hangedman_vaults_pinch, hangedman_vaults_slither,
          nicolae_vaults_halls_meeting, nicolae_vaults_little_squares_6,
          v_misc_16, dpeg_vaults_monster_box, ontoclasm_vaults_twist,
          grunt_vaults_trifunnel, vaults_dpeg_hooks, layout_vaults_maze
Vaults:4: hangedman_vaults_stretched_pinwheel, st_squares,
          ontoclasm_vaults_spin, vaults_mumra_hex, nicolae_vaults_network_s,
          vaults_room_corners, ontoclasm_vaults_claustrophobia,
          ontoclasm_vaults_gateway, hangedman_vaults_variations, v_misc_19,
          nicolae_vaults_little_squares_1, layout_vaults_chaotic_city,
          uniq_margery, uniq_mara
Vaults:5: serial_shops, uniq_sojobo
Crypt:1:  layout_rooms, eino_tiny_chamber, st_small_mortuary
Crypt:2:  layout_misc_corridors, gammafunk_ghost_split
Crypt:3:  grunt_crypt_end_deaths_head
Tomb:1:   uniq_boris
Tomb:2
Depths:1: layout_forbidden_donut, lightli_too_deep,
          abyss_entry_small_statue_room, minivault_22, hangedman_decor_riveting,
          minivault_22, minmay_shattered_shrine, uniq_bai_suzhen
Depths:2: minmay_bad_star, layout_cave_shapes, grunt_pan_entry_zigzag,
          hangedman_geh_valley, infiniplex_staircase_pillars_3b
Depths:3: grunt_crosshair, layout_small_grid, serial_shops, shop,
          hangedman_decor_points, rand_demon_pan_entry_5, hell_entry,
          abyss_entry_glasseish, serial_bayou_ford_a, hangedman_decor_opposing,
          minmay_serpent_palace, serial_bayou_shore_b
Depths:4: gammafunk_sealed_library, layout_long_grid, rand_demon_pan_entry_8,
          special_room [special_room_mythical_zoo], hell_entry, serial_sigils,
          serial_sigils_hangedman_confine, serial_sigils_hangedman_quiver,
          serial_sigils_hangedman_leer, serial_sigils_hangedman_clutch,
          serial_sigils_hangedman_quiver, serial_sigils_hangedman_scratch,
          marbit_kobold_abyss_entry
Depths:5: evilmike_zot_entry_gauntlet, layout_basic, enter_ziggurat_e,
          hell_entry, minmay_misc_feat_secret_circle, abyss_entry,
          minmay_fractal_squares_diagonal_5
Zot:1:    minmay_elemental_castle, layout_gridlike
Zot:2:    layout_cathedral_of_symmetry, bh_zot_lava_cross
Zot:3:    layout_gridville
Zot:4:    layout_cathedral_of_symmetry, st_large_dragon_hoard_2
Zot:5:    layout_gridlike, grunt_megastairs_5

Skill      XL: |  1  2  3  4  5  6  7  8  9 10 11 12 13 14 15 16 17 18 19 20 21 22 23 24 25 26 27 |
---------------+----------------------------------------------------------------------------------+-----
Spellcasting   | 3 4 5 7 8 9 11 12 15 16 17 19 20 22 25 27 | 27.0
Shields        | 2 3 4 5 7 |  7.0
Necromancy     | 5 7 9 10 | 10.0
Fighting       | 1 2 3 5 7 10 11 13 14 | 14.0
Conjurations   | 2 3 4 6 7 8 11 13 14 15 16 18 19 21 22 | 22.0
Armour         | 2 3 4 6 7 |  7.0
Evocations     | 1 2 3 |  3.0
Dodging        | 2 3 4 6 7 |  7.0
Air Magic      | 2 4 5 7 8 10 | 10.0
Hexes          | 1 3 6 7 9 11 | 11.0
Staves         | 1 2 3 |  3.0
Translocations | 2 3 |  3.0
Earth Magic    | 4 5 10 | 10.0
Stealth        | 2 4 |  4.0
Transmutations | 3 5 |  5.0
Fire Magic     | 5 7 10 15 17 18 | 18.0
Ice Magic      | 5 |  5.0

Action                   |  1- 3 |  4- 6 |  7- 9 | 10-12 | 13-15 | 16-18 | 19-21 | 22-24 | 25-27 || total
-------------------------+-------+-------+-------+-------+-------+-------+-------+-------+-------++-------
Melee: Unarmed           |    16 |       |       |       |       |       |       |       |       ||    16
       Whip              |     2 |    14 |    23 |       |       |       |       |       |       ||    39
       Staff             |       |       |       |    35 |    51 |    30 |    17 |    40 |     3 ||   176
 Cast: Pain              |    78 |   144 |   201 |   109 |    24 |     3 |       |       |       ||   559
       Vampiric Draining |       |     3 |    23 |    42 |   100 |    43 |    54 |    22 |    10 ||   297
       Searing Ray       |       |     2 |    52 |    14 |    15 |    31 |    14 |     7 |     1 ||   136
       Shock             |       |       |    18 |    60 |    11 |     1 |       |       |       ||    90
       Airstrike         |       |       |       |   216 |   602 |   324 |    94 |   273 |    97 ||  1606
       Fulminant Prism   |       |       |       |    11 |    21 |     2 |       |       |       ||    34
       Swiftness         |       |       |       |     2 |     2 |     6 |     3 |     2 |     1 ||    16
       Lightning Bolt    |       |       |       |     5 |   116 |   269 |   189 |   167 |   130 ||   876
       Agony             |       |       |       |     2 |    14 |     3 |       |     1 |       ||    20
       Apportation       |       |       |       |       |     5 |    40 |    16 |     4 |     9 ||    74
       Tukima's Dance    |       |       |       |       |    55 |    38 |     3 |     3 |       ||    99
       Borgnjor's Vile C |       |       |       |       |     1 |    62 |    15 |     1 |     1 ||    80
       Irradiate         |       |       |       |       |       |    10 |    41 |    46 |    30 ||   127
       Orb of Destructio |       |       |       |       |       |    11 |     2 |    24 |    48 ||    85
       Animate Dead      |       |       |       |       |       |     2 |       |       |       ||     2
       Fireball          |       |       |       |       |       |    21 |   412 |   277 |   344 ||  1054
       Dispel Undead     |       |       |       |       |       |       |    11 |   138 |    21 ||   170
       Ozocubu's Armour  |       |       |       |       |       |       |       |     1 |     2 ||     3
       Fire Storm        |       |       |       |       |       |       |       |       |    47 ||    47
       Invisibility      |       |       |       |       |       |       |       |       |     1 ||     1
       Lehudib's Crystal |       |       |       |       |       |       |       |       |    24 ||    24
Evoke: Wand              |       |       |     1 |       |     1 |       |     3 |     2 |     1 ||     8
  Use: Scroll            |       |    10 |     2 |     9 |    15 |    19 |     9 |    15 |    24 ||   103
 Stab: Sleeping          |       |       |     1 |       |       |       |       |       |       ||     1
       Distracted        |       |       |       |       |       |     1 |       |       |       ||     1
Armor: Robe              |    11 |     7 |    58 |    48 |   150 |    68 |    74 |    87 |    53 ||   556
Dodge: Dodged            |    30 |    49 |    96 |    69 |   139 |   118 |   129 |   149 |    98 ||   877
Block: Buckler           |       |    15 |   117 |    97 |    81 |    74 |   160 |   181 |   110 ||   835
       Reflection        |       |       |     8 |    20 |       |     5 |    29 |    16 |    11 ||    89
